 Dungeon Crawl Stone Soup version 0.23-a0-419-g0174fd8 (webtiles) character file.

98 JeffiDaFish the Firebug (level 4, -4/24 HPs)
             Began as a Deep Elf Fire Elementalist on Nov 12, 2018.
             Slain by Robin
             ... wielding a +1 spear of piercing
              (7 damage)
             ... on level 3 of the Dungeon.
             The game lasted 00:06:11 (2287 turns).

JeffiDaFish the Firebug (DEFE)                      Turns: 2287, Time: 00:06:11

Health: -4/24      AC:  3    Str:  5    XL:     4   Next: 43%
Magic:  1/12       EV: 13    Int: 21    God:
Gold:   73         SH:  0    Dex: 15    Spells: 3/11 levels left

rFire    . . .     SeeInvis .   d - +0 dagger
rCold    . . .     Gourm    .   (no shield)
rNeg     . . .     Faith    .   a - +0 robe
rPois    .         Spirit   .   (no helmet)
rElec    .         Reflect  .   (no cloak)
rCorr    .         Harm     .   f - +0 pair of gloves
MR       .....                  (no boots)
Stlth    ++........             (no amulet)
HPRegen  0.08/turn              e - ring of flight
MPRegen  0.13/turn              (no ring)

@: hasted, very quick
A: no striking features
a: Evoke Flight


You were on level 3 of the Dungeon.
You were not hungry.

You visited 1 branch of the dungeon, and saw 3 of its levels.

You collected 73 gold pieces.

Inventory:

Hand Weapons
 d - a +0 dagger (weapon)
Armour
 a - a +0 robe (worn)
 f - a +0 pair of gloves (worn)
Jewellery
 e - a ring of flight (left hand)
Scrolls
 h - a scroll of identify
Comestibles
 b - 3 chunks of flesh
 c - 3 rations


   Skills:
 - Level 2.4 Dodging
 - Level 2.4 Stealth
 + Level 4.0 Spellcasting
 + Level 2.5 Conjurations
 * Level 4.7 Fire Magic


You had 3 spell levels left.
You knew the following spells:

 Your Spells              Type           Power        Failure   Level  Hunger
a - Flame Tongue          Conj/Fire      ###..        2%          1    None
b - Conjure Flame         Conj/Fire      ###.....     9%          3    ###....
c - Sticky Flame          Conj/Fire      ###.....     26%         4    ####...

Your spell library contained the following spells:

 Spells                   Type           Power        Failure   Level  Hunger
 Throw Flame              Conj/Fire      ###...       4%          2    #......
 Inner Flame              Hex/Fire       ##......     14%         3    ###....
 Fireball                 Conj/Fire      ###.......   58%         5    ######.


Dungeon Overview and Level Annotations

Branches:
Dungeon (3/15)

Altars:

Annotations:
D:3 Robin


Message History

Robin hits you from afar with a +1 spear of piercing.
Robin hits you with a +1 spear of piercing.
* * * LOW HITPOINT WARNING * * *
x2 Robin roars a battlecry!
The goblin goes into a battle-frenzy!
You see here a leopard gecko skeleton.
Robin throws the goblin at you!
Casting: Flame Tongue (safe; 2% risk of failure)
Confirm with . or Enter, or press ? or * to list all spells.
Aiming: Flame Tongue (safe; 2% risk of failure)
Press: ? - help, Shift-Dir - straight line, f - goblin, p - Robin
Aim: a goblin (unusually strong)
The flame tongue hits the goblin.
You kill the goblin!
Robin throws the goblin at you!
You feel yourself speed up. The goblin barely misses you.
You hit the goblin but do no damage. The goblin hits you with a +0 dagger.
* * * LOW HITPOINT WARNING * * *
Robin hits you from afar with a +1 spear of piercing!
You die...

###... #....
#.#.#
##<#.#####.#
#...........
#..#.#####.# #
#.g).......#...
#.##.#####.....
##.##.g.@g..#
#...#########
#.#.g.# #...#g#
#####.#
######.####
#).....g).#
#.###..##)#
#...##)#


You could see Robin and a goblin.

Vanquished Creatures
  4 adders (D:2)
  A worm (D:2)
  A dart slug (D:1)
  2 leopard geckos
  3 giant cockroaches
  11 goblins
  9 hobgoblins
  A quokka (D:2)
  3 bats
  3 frilled lizards
  9 kobolds
  11 rats
58 creatures vanquished.

Vanquished Creatures (others)
  A bat (D:2)
  A goblin (D:2)
  A hobgoblin (D:2)
3 creatures vanquished.

Grand Total: 61 creatures vanquished

Notes
Turn   | Place    | Note
-------+----------+-------------------------------------------
     0 | D:1      | JeffiDaFish the Deep Elf Fire Elementalist began the quest
                  | for the Orb.
     0 | D:1      | Reached XP level 1. HP: 10/10 MP: 6/6
   194 | D:1      | Reached XP level 2. HP: 15/15 MP: 6/8
  1284 | D:2      | Reached XP level 3. HP: 19/19 MP: 6/9
  1345 | D:2      | Learned a level 3 spell: Conjure Flame
  1626 | D:2      | Reached XP level 4. HP: 24/24 MP: 8/11
  1900 | D:2      | Learned a level 4 spell: Sticky Flame
  2244 | D:3      | Noticed Robin
  2287 | D:3      | Slain by Robin

Vault maps used:
D:1:      psy_arrival_statuary
D:2:      lemuel_old_faithful
D:3:      guppyfry_early_lair_pool, uniq_robin, uniq_ijyb

Skill      XL: |  1  2  3  4 |
---------------+-------------+-----
Fire Magic     | 4 |  4.7
Conjurations   | 2 |  2.5
Spellcasting   | 4 |  4.0
Dodging        | |  2.4
Stealth        | |  2.4

Action                   |  1- 3 |  4- 6 || total
-------------------------+-------+-------++-------
Melee: Dagger            |    14 |     6 ||    20
 Cast: Flame Tongue      |    66 |    29 ||    95
       Conjure Flame     |     2 |       ||     2
  Use: Scroll            |     4 |     1 ||     5
       Potion            |       |     1 ||     1
 Stab: Sleeping          |     5 |     3 ||     8
  Eat: Chunk             |     2 |     2 ||     4
Armor: Robe              |     4 |     9 ||    13
Dodge: Dodged            |    26 |    12 ||    38

Table legend:
 A = Non-vault XP
 B = Vault XP
 C = Vault XP percentage of total XP
 D = Non-vault monster count
 E = Vault monster count
 F = Vault count percentage of total count
                 A         B        C        D         E       F
            +---------+---------+-------+---------+---------+-------
      Total |     122 |      18 |  12.9 |      49 |       9 |  15.5
            +---------+---------+-------+---------+---------+-------
        D:1 |      36 |       0 |   0.0 |      23 |       0 |   0.0
        D:2 |      81 |       0 |   0.0 |      24 |       0 |   0.0
        D:3 |       5 |      18 |  78.3 |       2 |       9 |  81.8
            +---------+---------+-------+---------+---------+-------
